 Dungeon Crawl Stone Soup version 0.19.0-20-gbc5f0c6 (webtiles) character file.

1265 toast the Cleaver (level 8, -1/74 HPs)
             Began as a Minotaur Fighter on Nov 17, 2016.
             Was an Initiate of the Shining One.
             Slain by an orc warrior
             ... wielding a cursed -1 glaive
              (10 damage)
             ... on level 6 of the Dungeon.
             The game lasted 00:12:17 (3961 turns).

toast the Cleaver (Minotaur Fighter)                Turns: 3961, Time: 00:12:18

Health: -1/74      AC:  8    Str: 24    XL:     8   Next: 27%
Magic:  10/10      EV:  7    Int:  5    God:    the Shining One [......]
Gold:   127        SH:  0    Dex:  9    Spells: 0 memorised, 8 levels left

rFire  . . .     SeeInvis .     t - +4 flail
rCold  . . .     Gourm    .     b - +0 scale mail
rNeg   . . .     Faith    .     c - +0 shield
rPois  .         Spirit   .     (helmet restricted)
rElec  .         Reflect  .     (no cloak)
rCorr  .         Harm     .     (no gloves)
MR     .....                    (no boots)
Stlth  ..........               (no amulet)
                                (no ring)
                                e - ring of stealth

@: confused, slowed, glowing, very slow
A: retaliatory headbutt, horns 2
a: Renounce Religion


You were on level 6 of the Dungeon.
You worshipped the Shining One.
The Shining One was noncommittal.
You were not hungry.

You visited 1 branch of the dungeon, and saw 6 of its levels.

You collected 270 gold pieces.
You spent 143 gold pieces at shops.

Inventory:

Hand Weapons
 a - a +1 war axe
 t - a +4 flail (weapon)
Armour
 b - a +0 scale mail (worn)
 c - a +0 shield (worn)
Jewellery
 e - a ring of stealth (left hand)
 i - an uncursed amulet of harm
 n - an uncursed amulet of regeneration {unknown}
Scrolls
 j - 6 scrolls of identify
 o - 3 scrolls of fog
 q - 2 scrolls of remove curse
 r - a scroll of teleportation {unknown}
 u - a scroll of random uselessness {unknown}
Potions
 d - a potion of might
 l - a potion of resistance {unknown}
 m - 2 potions of brilliance {unknown}
 p - a potion of heal wounds
 s - 2 potions of curing {unknown}
 v - a potion of flight {unknown}
Books
 h - a book of Misfortune

   Spells                             Type                      Level
   a - Confusing Touch                Hexes                        1
   b - Confuse                        Hexes                        3
   c - Gell's Gravitas                Hexes/Translocation          3
   d - Petrify                        Transmutation/Earth          4
   e - Metabolic Englaciation         Hexes/Ice                    5
   f - Yara's Violent Unravelling     Hexes/Transmutation          5
Comestibles
 f - 4 bread rations
 g - a meat ration
 k - a slice of pizza
 w - 9 chunks of flesh


   Skills:
 + Level 8.3 Fighting
 * Level 10.7 Axes
 + Level 8.4 Armour
 - Level 3.7 Shields
 - Level 0.9 Spellcasting
 + Level 5.0 Invocations


You had 8 spell levels left.
You didn't know any spells.

Dungeon Overview and Level Annotations

Branches:
Dungeon (6/15)             Temple (0/1) D:6

Altars:
Gozag
Nemelex Xobeh
The Shining One

Shops:
D:4 !   D:5 !


Innate Abilities, Weirdness & Mutations

You reflexively headbutt those who attack you in melee.
You have a pair of horns on your head.


Message History

The orc warrior barely misses you.
The orc priest hits you but does no damage.
The orc closely misses you.
The orc wizard points at you and mumbles some strange words.
You feel yourself slow down.
You miss the orc warrior. Your headbutt misses the orc warrior.
The orc priest hits you but does no damage.
The orc warrior hits you with an enchanted glaive.
* * * LOW HITPOINT WARNING * * *
Something hits you.
* * * LOW HITPOINT WARNING * * *
The orc hits you but does no damage.
The orc wizard gestures at you while chanting.
You resist with some effort.
The orc priest invokes the aid of Beogh against you.
Beogh smites you!
* * * LOW HITPOINT WARNING * * *
Something hits you but does no damage. The orc hits you but does no damage.
The orc warrior hits you with an enchanted glaive!
You die...

#.##.## #.....#
##.####..#
.........#
.##.####..#
.... #?.# #
.##..###..##.##
.......o{.....#
##...o@o....##
##.###o.##.# #
#..# .# ..... .
...... #
##..#### #..#
#..#


You could see an orc warrior, an orc priest, an orc wizard and an orc.

Vanquished Creatures
  An orc warrior (D:6)
  A black bear (D:6)
  An ice beast (D:6)
  An ogre (D:4)
  A crimson imp (D:5)
  A centaur zombie (D:5)
  A jelly (D:5)
  2 orc priests (D:4)
  A gnoll shaman (D:4)
  2 hounds (D:6)
  A bullfrog skeleton (D:6)
  A centaur skeleton (D:5)
  2 orc wizards (D:4)
  Jessica (D:2)
  An iguana (D:4)
  2 worker ants
  A hound skeleton (D:5)
  Robin (D:2)
  15 gnolls
  5 adders
  A shadow imp (D:5)
  An ooze (D:2)
  A worm (D:2)
  A dart slug (D:1)
  2 leopard geckos (D:2)
  11 orcs
  2 giant cockroaches
  17 goblins
  9 hobgoblins
  7 jackals
  12 kobolds
  3 quokkas
  2 ball pythons
  6 bats
  6 frilled lizards
  A jackal skeleton (D:4)
  2 leopard gecko skeletons
  A quokka skeleton (D:5)
  10 rats
137 creatures vanquished.

Notes
Turn   | Place    | Note
-------+----------+-------------------------------------------
     0 | D:1      | toast the Minotaur Fighter began the quest for the Orb.
     0 | D:1      | Reached XP level 1. HP: 19/19 MP: 0/0
   173 | D:1      | Reached XP level 2. HP: 22/27 MP: 1/1
   607 | D:2      | Reached skill level 3 in Axes
   607 | D:2      | Reached XP level 3. HP: 17/33 MP: 2/2
   744 | D:2      | Found an opulent altar of Gozag.
   811 | D:2      | Noticed Robin
   832 | D:2      | Killed Robin
   844 | D:2      | Reached XP level 4. HP: 26/40 MP: 3/3
   935 | D:2      | Noticed Jessica
   941 | D:2      | Killed Jessica
   947 | D:2      | Reached skill level 4 in Axes
  1212 | D:3      | Reached skill level 9 in Axes
  1212 | D:3      | Reached XP level 5. HP: 52/52 MP: 4/7
  1461 | D:3      | Reached XP level 6. HP: 53/60 MP: 8/8
  1550 | D:3      | Found a sparkling altar of Nemelex Xobeh.
  2021 | D:4      | Found Axtoanus's Distillery.
  2026 | D:4      | Bought a potion of heal wounds for 55 gold pieces
  2026 | D:4      | Bought a potion of cancellation for 88 gold pieces
  2067 | D:4      | Reached XP level 7. HP: 52/67 MP: 9/9
  2510 | D:4      | Reached skill level 10 in Axes
  2620 | D:5      | Entered Level 5 of the Dungeon
  3256 | D:5      | Found Efoul's Distillery.
  3321 | D:5      | Found a glowing golden altar of the Shining One.
  3326 | D:5      | Became a worshipper of the Shining One
  3614 | D:6      | Reached XP level 8. HP: 62/74 MP: 10/10
  3694 | D:6      | Found a staircase to the Ecumenical Temple.
  3707 | D:6      | Reached skill level 5 in Invocations
  3961 | D:6      | Slain by an orc warrior

Skill      XL: |  1  2  3  4  5  6  7  8 |
---------------+-------------------------+-----
Armour         | 4 7 8 |  8.4
Fighting       | 4 7 8 |  8.3
Axes           | 3 9 10 | 10.7
Invocations    | 4 5 |  5.0
Shields        | |  3.7
Spellcasting   | |  0.9

Action                   |  1- 3 |  4- 6 |  7- 9 || total
-------------------------+-------+-------+-------++-------
Melee: War axe           |    98 |   114 |    62 ||   274
       Headbutt          |    17 |    15 |    19 ||    51
       Flail             |       |       |    70 ||    70
  Use: Scroll            |     1 |     6 |     1 ||     8
       Potion            |       |     2 |       ||     2
  Eat: Chunk             |       |     3 |     6 ||     9
       Beef jerky        |       |     1 |       ||     1
Armor: Scale mail        |    45 |    42 |    62 ||   149
Dodge: Dodged            |    35 |    33 |    38 ||   106
Block: Shield            |    48 |    62 |    50 ||   160
